 Dungeon Crawl Stone Soup version 0.27.1 (webtiles) character file.

Game seed: 13612413087466980930

10843 ZARRMARR the Thaumaturge (level 11, -9/61 HPs)
             Began as a Gargoyle Earth Elementalist on Aug 22, 2021.
             Was a Priest of Vehumet.
             Mangled by a yak (12 damage)
             ... on level 1 of the Lair of Beasts on Aug 23, 2021.
             The game lasted 01:28:49 (11337 turns).

ZARRMARR the Thaumaturge (GrEE)                    Turns: 11337, Time: 01:28:49

Health: -9/61      AC: 12    Str: 11    XL:     11   Next: 68%
Magic:  26/28      EV: 12    Int: 32    God:    Vehumet [***...]
Gold:   92         SH:  0    Dex: 10    Spells: 20/36 levels left

rFire    . . .     SeeInvis +   C - +4 quarterstaff (chaos)
rCold    . . .     Faith    .   (shield currently unavailable)
rNeg     + . .     Spirit   .   M - +0 robe "Virriv" {Int+6 Slay+2 SInv}
rPois    ∞         Reflect  .   (no helmet)
rElec    +         Harm     .   D - +0 cloak
rCorr    .         Rampage  .   w - +0 pair of gloves
Will     .....                  (no boots)
Stlth    +++.......             c - amulet of magic regeneration
HPRegen  0.20/turn              x - +6 ring of intelligence
MPRegen  0.46/turn              q - ring of flight

@: about to teleport, flying
A: sickness immunity, AC +8, negative energy resistance 1, electricity
resistance, torment resistance 1, petrification resistance
a: Renounce Religion


You were on level 1 of the Lair of Beasts.
You worshipped Vehumet.
Vehumet was most pleased with you.
You visited 2 branches of the dungeon, and saw 10 of its levels.

You collected 486 gold pieces.
You spent 394 gold pieces at shops.

Inventory:

Hand Weapons
 C - a +4 quarterstaff of chaos (weapon)
 I - the +8 mace "Fucetsue" {antimagic, rElec rC+ rCorr Str-5 Dex+2}
   (You took it off a wight on level 7 of the Dungeon)

   It reduces the magical energy of the wielder, and disrupts the spells and
   magical abilities of those it strikes.
   Natural abilities and divine invocations are not affected.
   Str:       It affects your strength (-5).
   Dex:       It affects your dexterity (+2).
   rC:        It protects you from cold.
   rElec:     It insulates you from electricity.
   rCorr:     It protects you from acid and corrosion.
Missiles
 t - 12 boomerangs (quivered)
 u - 108 stones
 z - 52 poisoned darts
 F - 4 throwing nets
 Q - 2 atropa-tipped darts
Armour
 w - a +0 pair of gloves (worn)
 D - a +0 cloak (worn)
 M - the +0 robe "Virriv" (worn) {Int+6 Slay+2 SInv}
   (You bought it in a shop on level 6 of the Dungeon)

   Int:       It affects your intelligence (+6).
   Slay:      It affects your accuracy & damage with ranged weapons and melee
   (+2).
   SInv:      It lets you see invisible.
Magical Staves
 v - a staff of cold
 E - a staff of poison
Jewellery
 c - an amulet of magic regeneration (around neck)
 q - a ring of flight (right hand)
 x - a +6 ring of intelligence (left hand)
 y - a ring of wizardry
 G - an amulet of the acrobat
Wands
 b - a wand of digging (7)
 m - a wand of flame (27)
 r - a wand of iceblast (18)
 H - a wand of charming (8)
 O - a wand of paralysis (2)
Scrolls
 g - 2 scrolls of vulnerability
 h - 2 scrolls of amnesia
 j - 7 scrolls of enchant weapon
 k - 4 scrolls of enchant armour
 l - a scroll of fog {unknown}
 n - a scroll of silence {unknown}
 o - a scroll of immolation {unknown}
 p - a scroll of teleportation
 B - a scroll of brand weapon {unknown}
 K - a scroll of torment {unknown}
 N - a scroll of magic mapping {unknown}
Potions
 d - a potion of might {unknown}
 e - 3 potions of curing {unknown}
 f - a potion of berserk rage {unknown}
 i - a potion of brilliance {unknown}
 A - 2 potions of magic {unknown}
 J - a potion of invisibility {unknown}
 L - a potion of attraction {unknown}
 P - a potion of haste {unknown}


   Skills:
 + Level 4.0 Fighting
 + Level 2.6 Staves
 + Level 4.0 Dodging
 + Level 5.5 Stealth
 + Level 13.2 Spellcasting
 - Level 5.2 Conjurations
 - Level 0.7 Transmutations
 - Level 0.6 Ice Magic
 - Level 2.2 Air Magic
 - Level 5.9 Earth Magic


You had 20 spell levels left.
You knew the following spells:

 Your Spells              Type           Power      Damage    Failure   Level
a - Sandblast             Erth           100%       2d20      1%          1
b - Stone Arrow           Conj/Erth      100%       3d13      1%          3
c - Shock                 Conj/Air       100%       1d9       1%          1
d - Searing Ray           Conj           100%       3d7       1%          2
e - Passwall              Tmut/Erth      35%        N/A       1%          2
f - Mephitic Cloud        Conj/Pois/Air  37%        N/A       1%          3
g - Hailstorm             Conj/Ice       39%        3d9       1%          4

Your spell library contained the following spells:

 Spells                   Type           Power      Damage    Failure   Level
 Airstrike                Air            17%        N/A       2%          4
 Slow                     Hex            21%        N/A       3%          2
 Lightning Bolt           Conj/Air       22%        1d38      3%          5
 Petrify                  Tmut/Erth      42%        N/A       5%          4
 Leda's Liquefaction      Hex/Erth       20%        N/A       6%          4
 Call Canine Familiar     Summ           21%        N/A       7%          3
 Confusing Touch          Hex            21%        N/A       7%          3
 Portal Projectile        Hex/Tloc       42%        N/A       7%          3
 Yara's Violent Unravell  Hex/Tmut       11%        3d6       13%         5
 Summon Lightning Spire   Summ/Air       28%        N/A       14%         4


Dungeon Overview and Level Annotations

Branches:
Dungeon (8/15)             Temple (0/1) D:7            Lair (2/6) D:8
  Snake (0/4) Lair:2
  Swamp: Lair:2-4    Shoals: Lair:2-4

Altars:
Dithmenos
Kikubaaqudgha
Makhleb
Nemelex Xobeh
Qazlal
Sif Muna
Uskayaw
Vehumet
Yredelemnul

Shops:
D:6 [(


Innate Abilities, Weirdness & Mutations

You are immune to sickness and miasma.
Your stone body is resilient. (AC +8)
You are immune to poison.
You resist negative energy. (rN+)
You are resistant to electric shocks. (rElec)
You are resistant to unholy torment.
You are immune to petrification.


Message History

You kill the yak!
Vehumet accepts your kill.
You feel your power returning.
Your Fighting skill increases to level 4!
You start resting.
Magic restored.
Okay, then.
Unknown command.
Unknown command.
There is a stone staircase leading down here.
You fly downwards.
The blink frog hits you.
The blink frog blinks!
The yak misses you. The yak gores you but does no damage.
The yak closely misses you. The yak misses you. The yak barely misses you.
The yak bellows!
There is a stone staircase leading up here.
The yak gores you! The yak barely misses you.
The yak gores you but does no damage. The yak gores you.
The yak closely misses you.
You fly upwards.
There is a stone staircase leading down here.
Casting: Stone Arrow (safe; 1% risk of failure)
Confirm with . or Enter, or press ? or * to list all spells.
Okay, then.
Unknown command.
As you read the scroll of teleportation, it crumbles to dust.
You feel strangely unstable. The yak gores you. The yak barely misses you.
The yak gores you but does no damage. The yak gores you. The yak misses you.
Casting: Stone Arrow (safe; 1% risk of failure)
Confirm with . or Enter, or press ? or * to list all spells.
Aiming: Stone Arrow (safe; 1% risk of failure)
Press: ? - help, Shift-Dir - straight line, f - yak
Aim: a yak (87% to hit)
The stone arrow hits the yak!
The yak is moderately wounded.
The yak gores you! The yak gores you but does no damage. The yak gores you!
* * * LOW HITPOINT WARNING * * *
The yak barely misses you. The yak gores you!
* * * LOW HITPOINT WARNING * * *
The yak gores you!
You die...

#.....#≈#................
#.....###................
###.........P.####.##.#####
#.........###.####.#### #
#.........# #....#.# #
#.........###....#.# #
#.........YYY......## ##
#.........Y>Y.....#.# #.
#.........@.÷.##P..## ##
#..........#..###.## #
##..........#..###.#########
#.........†.#..##...........
##.........÷#..#.#..........
#..........#......####.....
#...................##...##
#.........†.......P..#....#
#.........Y.......#.##...P#


You could see 5 yaks.

Vanquished Creatures
  2 hydras (Lair:1)
  Harold (D:8)
  A boulder beetle (Lair:1)
  A black mamba (Lair:1)
  4 cane toads
  2 blink frogs (Lair:2)
  Sigmund (D:2)
  11 yaks (Lair:1)
  A steam dragon (D:7)
  Grum (D:8)
  3 wargs (D:8)
  A naga (Lair:2)
  3 water moccasins (Lair:1)
  3 sky beasts
  2 hornet zombies (D:7)
  An orc warrior (D:6)
  2 ice beasts
  A black bear (D:7)
  An ogre (D:7)
  A centaur (D:8)
  7 wolves
  A phantom (D:3)
  Blork the orc (D:5)
  2 bullfrogs (Lair:1)
  A kobold brigand (D:8)
  A wyvern zombie (D:8)
  A gnoll sergeant (D:8)
  2 scorpions (D:6)
  A water moccasin zombie (D:3)
  4 water moccasin skeletons
  4 wights (D:7)
  A howler monkey (D:7)
  A lava snake (Lair:1)
  2 gnoll shamans
  2 hounds
  Crazy Yiuf (D:5)
  2 jellies (D:6)
  4 orc priests
  4 iguanas
  6 orc wizards
  A killer bee zombie (D:7)
  14 gnolls
  6 adders
  A white imp (D:7)
  An ufetubus (D:5)
  2 worms
  4 dart slugs
  34 orcs
  18 ball pythons
  3 endoplasms
  8 giant cockroaches
  7 goblins
  7 hobgoblins
  2 quokkas
  7 bats
  6 frilled lizards
  12 kobolds
  5 rats
  2 bushes (D:2)
231 creatures vanquished.

Vanquished Creatures (others)
  7 fungi (Lair:2)
  17 plants
24 creatures vanquished.

Grand Total: 255 creatures vanquished

Notes
Turn   | Place    | Note
-------+----------+-------------------------------------------
     0 | D:1      | ZARRMARR the Gargoyle Earth Elementalist began the quest
                  | for the Orb.
     0 | D:1      | Reached XP level 1. HP: 10/10 MP: 3/3
   263 | D:1      | Reached XP level 2. HP: 15/15 MP: 1/5
   719 | D:1      | Reached XP level 3. HP: 19/19 MP: 4/6
  1520 | D:2      | Reached skill level 3 in Spellcasting
  1520 | D:2      | Reached skill level 5 in Earth Magic
  1520 | D:2      | Reached XP level 4. HP: 24/24 MP: 2/8
  1820 | D:2      | Learned a level 3 spell: Stone Arrow
  1937 | D:2      | Noticed Sigmund
  1946 | D:2      | Killed Sigmund
  1947 | D:2      | Reached skill level 4 in Spellcasting
  1947 | D:2      | Reached XP level 5. HP: 15/28 MP: 1/11
  1947 | D:2      | Reached XP level 6. HP: 17/32 MP: 1/12
  2963 | D:3      | Found a faded altar of an unknown god.
  3526 | D:3      | Reached skill level 1 in Conjurations
  3667 | D:3      | Found a shadowy altar of Dithmenos.
  3667 | D:3      | Found a hide-covered altar of Uskayaw.
  3675 | D:3      | Found a radiant altar of Vehumet.
  3677 | D:3      | Found a burning altar of Makhleb.
  3678 | D:3      | Found a stormy altar of Qazlal.
  3803 | D:3      | Reached XP level 7. HP: 32/37 MP: 7/14
  3961 | D:3      | Became a worshipper of Vehumet
  4615 | D:4      | Reached skill level 5 in Spellcasting
  4875 | D:5      | Entered Level 5 of the Dungeon
  4942 | D:5      | Reached * piety under Vehumet
  4942 | D:5      | Offered knowledge of Shock by Vehumet.
  4968 | D:5      | Learned a level 1 spell: Shock
  5033 | D:5      | Found an ancient bone altar of Kikubaaqudgha.
  5223 | D:5      | Noticed Blork the orc
  5231 | D:5      | Killed Blork the orc
  5316 | D:5      | Found a basalt altar of Yredelemnul.
  5456 | D:5      | Found a shimmering blue altar of Sif Muna.
  5528 | D:5      | Reached skill level 1 in Fighting
  5528 | D:5      | Reached XP level 8. HP: 40/43 MP: 11/16
  5597 | D:5      | Reached skill level 6 in Spellcasting
  5748 | D:5      | Found a runed translucent door.
  5749 | D:5      | Noticed Crazy Yiuf
  5817 | D:5      | Killed Crazy Yiuf
  6332 | D:6      | Found Mexzir's Antique Weapon Shoppe.
  6533 | D:6      | Found Xism's Armour Shop.
  6562 | D:6      | Reached skill level 5 in Conjurations
  6564 | D:6      | Reached skill level 7 in Spellcasting
  6910 | D:7      | Reached XP level 9. HP: 30/48 MP: 9/19
  7033 | D:7      | Reached skill level 1 in Air Magic
  7318 | D:7      | Offered knowledge of Searing Ray by Vehumet.
  7361 | D:7      | Learned a level 2 spell: Searing Ray
  7371 | D:7      | Reached ** piety under Vehumet
  7544 | D:7      | Reached skill level 8 in Spellcasting
  7545 | D:7      | Identified the +8 mace "Fucetsue" {antimagic, rElec rC+
                  | rCorr Str-5 Dex+2}
  7622 | D:7      | Found a staircase to the Ecumenical Temple.
  7694 | D:7      | Reached skill level 5 in Stealth
  7854 | D:6      | Bought the +0 robe "Virriv" {Int+6 Slay+2 SInv} for 394
                  | gold pieces
  7871 | D:6      | Learned a level 2 spell: Passwall
  7904 | D:8      | Reached skill level 1 in Staves
  8128 | D:8      | Found a sparkling altar of Nemelex Xobeh.
  8228 | D:8      | Offered knowledge of Mephitic Cloud by Vehumet.
  8270 | D:8      | Learned a level 3 spell: Mephitic Cloud
  8281 | D:8      | Noticed Harold
  8287 | D:8      | Killed Harold
  8288 | D:8      | Reached skill level 9 in Spellcasting
  8288 | D:8      | Reached XP level 10. HP: 54/54 MP: 15/23
  8389 | D:8      | Reached skill level 10 in Spellcasting
  8390 | D:8      | Noticed Grum
  8393 | D:8      | Killed Grum
  8582 | D:8      | Found a staircase to the Lair.
  9069 | Lair:1   | Entered Level 1 of the Lair of Beasts
  9101 | Lair:1   | Noticed a cane toad
  9106 | Lair:1   | Killed a cane toad
  9132 | Lair:1   | Noticed a seven-headed hydra
  9143 | Lair:1   | Reached *** piety under Vehumet
  9144 | Lair:1   | Reached skill level 11 in Spellcasting
  9167 | Lair:1   | Killed a seven-headed hydra
  9501 | Lair:1   | Noticed a cane toad
  9504 | Lair:1   | Killed a cane toad
  9546 | Lair:1   | Noticed a seven-headed hydra
  9558 | Lair:1   | Killed a seven-headed hydra
  9559 | Lair:1   | Reached skill level 12 in Spellcasting
  9559 | Lair:1   | Reached XP level 11. HP: 25/60 MP: 11/27
  9738 | Lair:1   | Noticed a boulder beetle
 10116 | Lair:1   | Killed a boulder beetle
 10506 | Lair:2   | Found a staircase to the Snake Pit.
 10547 | Lair:2   | Offered knowledge of Hailstorm by Vehumet.
 10649 | Lair:1   | Learned a level 4 spell: Hailstorm
 10651 | Lair:2   | Noticed a four-headed hydra
 10966 | Lair:1   | Reached skill level 13 in Spellcasting
 11336 | Lair:1   | HP: 3/61 [yak (13)]
 11337 | Lair:1   | Mangled by a yak

Illustrated notes

Levels and vault maps discovered:
D:1:      dpeg_arrival_rooms_c, layout_loops_ring
D:2:      layout_loops_ring, serial_forest, infiniplex_forest_clump_medium,
          infiniplex_forest_corner_1, infiniplex_forest_lined_3_way,
          infiniplex_forest_clump_small, infiniplex_forest_lined_corner,
          infiniplex_forest_end_2, infiniplex_forest_lined_1,
          infiniplex_forest_end_2, infiniplex_forest_clump_long,
          hangedman_decor_opposing, uniq_sigmund
D:3:      layout_loops_ring, chequers_temple_overflow_minitemple,
          hellmonk_ecumenical_altar_inner_sanctum, grunt_ministairs_4,
          dk_noncrumbling_2
D:4:      layout_basic
D:5:      layout_loops_ring, mainiacjoe_overflow_24_doors,
          nicolae_sif_muna_condensation, mainiacjoe_overflow_brackets,
          uniq_blork_the_orc, uniq_crazy_yiuf_cottage
D:6:      layout_basic, serial_shops, shop_coins, nicolae_stop_n_shop_2
D:7:      layout_gridville, minmay_temple_entry_gardened_gates
D:8:      layout_loops_ring, mainiacjoe_overflow_paths,
          erik_lair_orcish_takeover, uniq_grum, uniq_harold
Lair:1:   layout_gridlike
Lair:2:   cheibrodos_lair_river_kwai, layout_chaotic_city,
          guppyfry_snake_entry_island, uniq_gastronok

Skill      XL: |  1  2  3  4  5  6  7  8  9 10 11 |
---------------+----------------------------------+-----
Earth Magic    | 4 5 |  5.9
Spellcasting   | 3 4 5 7 9 12 13 | 13.2
Dodging        | 2 3 4 |  4.0
Stealth        | 3 4 5 |  5.5
Conjurations   | 1 3 5 |  5.2
Fighting       | 1 2 3 4 |  4.0
Air Magic      | 2 |  2.2
Staves         | 1 2 |  2.6
Transmutations | |  0.7
Ice Magic      | |  0.6

Action                   |  1- 3 |  4- 6 |  7- 9 | 10-12 || total
-------------------------+-------+-------+-------+-------++-------
Melee: Unarmed           |    28 |    21 |       |       ||    49
       Scythe            |       |   121 |    21 |       ||   142
       Quarterstaff      |       |       |     6 |     1 ||     7
Throw: Boomerang         |       |       |    26 |       ||    26
 Cast: Sandblast         |    56 |    28 |    14 |     1 ||    99
       Stone Arrow       |       |    25 |   157 |   104 ||   286
       Shock             |       |       |    28 |    46 ||    74
  Use: Scroll            |     2 |     2 |     2 |     5 ||    11
       Potion            |       |       |     1 |     3 ||     4
 Stab: Sleeping          |     1 |     7 |     1 |       ||     9
       Distracted        |       |       |     2 |       ||     2
Armor: Robe              |    14 |    12 |    27 |    39 ||    92
Dodge: Dodged            |    30 |    25 |    27 |    47 ||   129
